 Dungeon Crawl Stone Soup version 0.23-a0-29-g1be82e5 (webtiles) character file.

50164 twitchtvpekkekke the Brawler (level 14, -9/139 HPs)
             Began as a Troll Chaos Knight on Aug 4, 2018.
             Killed from afar by Azrael (24 damage)
             ... with damnation
             ... on level 13 of the Dungeon.
             The game lasted 00:39:04 (16521 turns).

twitchtvpekkekke the Brawler (Troll Chaos Knight)  Turns: 16521, Time: 00:39:05

Health: -9/139     AC: 12    Str: 27    XL:     14   Next: 18%
Magic:  13/13      EV:  8    Int: 10    God:    Xom [..*...]
Gold:   618        SH: 23    Dex: 13    Spells: 13/13 levels left

rFire    + . .     SeeInvis .     - Unarmed
rCold    + . .     Gourm    +   w - +4 large shield
rNeg     . . .     Faith    .   O - +0 acid dragon scales
rPois    +         Spirit   .   a - +2 hat
rElec    +         Reflect  .   (no cloak)
rCorr    +         Harm     .   (gloves unavailable)
MR       ++...                  (boots unavailable)
Stlth    +.........             l - amulet of regeneration
HPRegen  1.13/turn              C - +4 ring of protection
MPRegen  0.13/turn              c - +3 ring of slaying

@: resistant, very slightly contaminated
A: large, unfitting armour, claws 3, horns 1, agile 2, clever 1, deformed body,
fast metabolism 3, gourmand, magic resistance 1, regeneration 1, robust 1,
shaggy fur 1, tough skin 2
a: Renounce Religion


You were on level 13 of the Dungeon.
You worshipped Xom.
You were a toy of Xom.
You were completely stuffed.

You visited 2 branches of the dungeon, and saw 19 of its levels.
You also visited: Sewer.

You collected 1190 gold pieces.
You spent 572 gold pieces at shops.

Inventory:

Armour
 a - a +2 hat (worn)
 w - a +4 large shield (worn)
 O - +0 acid dragon scales (worn)
Jewellery
 c - a +3 ring of slaying (right claw)
 d - an uncursed ring of positive energy
 l - an amulet of regeneration (around neck)
 u - an uncursed ring of flight
 B - an uncursed amulet of guardian spirit
 C - a +4 ring of protection (left claw)
 L - an uncursed ring of poison resistance
Wands
 h - a wand of polymorph (18)
 r - a wand of disintegration (14)
 t - a wand of enslavement (12)
 x - a wand of flame (16)
 y - a wand of digging (14)
 E - a wand of random effects (21)
 F - a wand of paralysis (35)
 M - a wand of iceblast (13)
Scrolls
 e - a scroll of identify {@r1}
 f - 4 scrolls of teleportation
 i - 4 scrolls of magic mapping
 j - 6 scrolls of amnesia
 o - 4 scrolls of fear
 s - 2 scrolls of immolation
 v - 7 scrolls of remove curse {@r2}
 A - 3 scrolls of enchant weapon
 G - a scroll of holy word
 N - a scroll of silence {unknown}
Potions
 g - a potion of agility
 k - a potion of curing {@q1}
 m - a potion of berserk rage
 n - 2 potions of resistance
 p - 3 potions of flight
 q - 2 potions of magic
 z - 3 potions of might
 D - 3 potions of ambrosia
 I - a potion of heal wounds
 J - a potion of cancellation
Comestibles
 b - 41 rations
 K - 8 chunks of flesh


   Skills:
 - Level 5.0 Fighting
 - Level 1.9 Dodging
 - Level 11.0 Shields
 + Level 19.3 Unarmed Combat


You had 13 spell levels left.
You didn't know any spells.
Your spell library contained the following spells:

 Spells                   Type           Power        Failure   Level  Hunger
 Fireball                 Conj/Fire      #.........   100%        5    ######.
 Conjure Flame            Conj/Fire      #.......     97%         3    ####...
 Confuse                  Hex            #.......     97%         3    ####...
 Throw Flame              Conj/Fire      #.....       86%         2    ###....
 Sticky Flame             Conj/Fire      #.......     100%        4    #####..
 Summon Ice Beast         Ice/Summ       #.......     100%        4    #####..
 Spider Form              Tmut/Pois      #.........   97%         3    ####...
 Blade Hands              Tmut           #.........   100%        5    ######.
 Ice Form                 Ice/Tmut       #.......     100%        4    #####..
 Confusing Touch          Hex            #.....       73%         1    ##.....
 Flame Tongue             Conj/Fire      #....        73%         1    ##.....
 Sticks to Snakes         Tmut           #.......     86%         2    ###....
 Call Canine Familiar     Summ           #.......     97%         3    ####...
 Metabolic Englaciation   Hex/Ice        #.........   100%        5    ######.
 Summon Butterflies       Summ           #.......     73%         1    ##.....
 Petrify                  Tmut/Erth      #.......     100%        4    #####..
 Summon Hydra             Summ           #.........   100%        7    #######
 Inner Flame              Hex/Fire       #.......     97%         3    ####...
 Beastly Appendage        Tmut           #.....       73%         1    ##.....
 Summon Mana Viper        Hex/Summ       #.......     100%        5    ######.
 Gell's Gravitas          Tloc           #.........   97%         3    ####...
 Yara's Violent Unravell  Hex/Tmut       #.........   100%        5    ######.


Dungeon Overview and Level Annotations

Branches:
Dungeon (13/15)            Temple (0/1) D:6            Lair (6/6) D:10
 Shoals (0/4) Lair:2        Snake (0/4) Lair:4        Slime (0/5) Lair:5
    Orc (0/2) D:12
 Vaults: D:13-14

Altars:
Ashenzari
Dithmenos
Elyvilon
Fedhas
Gozag
Hepliaklqana
Makhleb
Nemelex Xobeh
Ru
Sif Muna
Uskayaw
Xom
Yredelemnul
Zin
The Shining One

Shops:
D:4 [   D:8 =([}

Annotations:
D:7 exclusion: door
D:13 Azrael
Lair:6 exclusion: 4 oklob plants


Innate Abilities, Weirdness & Mutations

You are too large for most types of armour.
You have claws for hands.
Your metabolism is lightning-fast.
You like to eat raw meat.
Your natural rate of healing is unusually fast.
You are covered in fur. (AC +1)
You have very tough skin. (AC +2)
You have a pair of small horns on your head.
You are very agile. (Dex +4)
Your mind is acute. (Int +2)
Armour fits poorly on your strangely shaped body.
You are resistant to hostile enchantments. (MR+)
You are robust. (+10% HP)


Message History

You are too injured to fight recklessly!
You are too injured to fight recklessly!
You are too injured to fight recklessly!
You eviscerate Azrael!!! You headbutt Azrael.
Azrael is severely wounded.
You block the fire elemental's attack.
You regained 2 hp, and now have 89/139 hp.
You eviscerate the fire elemental!!!
You destroy the fire elemental!
Azrael howls in rage.
Azrael gestures at you.
The bolt of fire hits the fire elemental.
The fire elemental completely resists.
The bolt of fire hits you!
A shower of butterflies erupts from you!
The bolt of fire hits your butterfly.
Your butterfly dies!
You take 35 damage, and have 54/139 hp.
MASSIVE DAMAGE!!
You mangle the fire elemental!!
Your headbutt misses the fire elemental.
The fire elemental is severely damaged.
You block the fire elemental's attack.
You claw the fire elemental!
You destroy the fire elemental!
You closely miss the hell hound.
The hell hound completely misses your butterfly.
You block the hell hound's attack.
You closely miss the hell hound.
The hell hound completely misses your butterfly.
Azrael gestures at you.
The bolt of fire misses the hell hound.
The bolt of fire hits you!
* * * LOW HITPOINT WARNING * * *
You take 46 damage, and have 11/139 hp.
MASSIVE DAMAGE!!
You mangle the hell hound!! Your headbutt misses the hell hound.
The hell hound is almost dead.
The hell hound breathes flames at you. The blast of flame hits you!
* * * LOW HITPOINT WARNING * * *
You take 4 damage, and have 7/139 hp.
You feel much better.
Your butterfly is engulfed in blazing flames.
Your butterfly dies!
Azrael gestures at you. The bolt of fire hits you!
* * * LOW HITPOINT WARNING * * *
The bolt of fire misses your butterfly.
The hell hound bites you but does no damage.
You regained 6 hp, and now have 13/139 hp.
Okay, then.
Unknown command.
Blink to where?
Press: ? - help, Dir - move target cursor You are very lightly contaminated with residual magic.
As you read the scroll of blinking, it crumbles to dust.
The hell hound barely misses your butterfly.
You feel protected.
The hell hound completely misses your butterfly.
Azrael gestures at you.
The sphere of damnation explodes!
The damnation engulfs you!
You die...
Xom giggles madly!

###§###'#######
#.§R.....#
#.hh.....#
#...b##..#
#.b..##..#
#....##..#
#....##..#
#b...##..#
#b.@.....#
#..........###
.# #......#...#
.# #...... ...#
.# #...... ...#
.# #...... ...#
.# #...... ...#
.# #......
...###### .#
###########....#


You could see Azrael and 2 hell hounds.

Vanquished Creatures
  6 hydras
  A merfolk avatar (Lair:6)
  A centaur warrior (D:10)
  3 two-headed ogres
  5 death yaks (Lair:6)
  2 tengu warriors (D:13)
  5 skeletal warriors (D:12)
  An unseen horror (D:12)
  A lindwurm (Lair:4)
  2 ugly things (D:13)
  3 manticores
  2 cyclopes (D:13)
  9 elephants
  4 black mambas
  A gargoyle (D:10)
  4 spiny frogs
  5 rime drakes
  5 komodo dragons
  3 trolls (D:12)
  6 polar bears (Lair:6)
  3 wind drakes (Lair:6)
  2 hornets (Lair:6)
  5 blink frogs
  5 dream sheep
  3 slime creatures (Lair:5)
  Prince Ribbit (D:8)
  11 hippogriffs
  A meliai zombie (D:12)
  5 wyverns
  3 shadows
  A vampire (D:12)
  2 fire elementals (D:13)
  22 yaks
  2 hungry ghosts
  2 vampire mosquitoes (D:12)
  5 basilisks
  2 acid dragons
  2 wargs (D:10)
  A soldier ant (D:11)
  8 porcupines
  11 water moccasins
  2 orc warriors (D:12)
  4 black bears
  An ice beast (D:8)
  A swamp drake (D:12)
  4 ogres
  An eye of draining (D:9)
  9 wolves
  4 centaurs
  2 phantoms
  7 crocodiles
  4 big kobolds
  11 bullfrogs
  A scorpion (D:6)
  14 killer bees
  12 wights
  3 crimson imps
  A quasit (D:8)
  4 centaur zombies
  5 bullfrog zombies
  6 hounds
  5 orc priests
  2 centaur skeletons
  3 jellies
  Jessica (D:2)
  3 iguanas
  7 worker ants
  16 orc wizards
  2 hound skeletons
  2 hound zombies
  A howler monkey zombie (D:10)
  A worker ant zombie (D:9)
  Robin (D:2)
  10 adders
  A river rat (D:5)
  2 shadow imps
  2 oozes
  An adder skeleton (D:6)
  3 worms
  A dart slug (D:2)
  8 leopard geckos
  50 orcs
  4 giant cockroaches
  11 goblins
  9 hobgoblins
  10 jackals
  2 quokkas
  2 ball pythons
  7 bats
  7 frilled lizards
  A jackal zombie (D:5)
  18 kobolds
  A leopard gecko skeleton (D:5)
  13 rats
  A plant (Lair:6)
470 creatures vanquished.

Vanquished Creatures (collateral kills)
  A yak (Lair:5)
  A warg (D:10)
2 creatures vanquished.

Vanquished Creatures (others)
  4 fungi
  8 plants (Lair:6)
12 creatures vanquished.

Grand Total: 484 creatures vanquished

Notes
Turn   | Place    | Note
-------+----------+-------------------------------------------
     0 | D:1      | twitchtvpekkekke the Troll Chaos Knight began the quest for the Orb.
     0 | D:1      | Reached XP level 1. HP: 22/22 MP: 0/0
    33 | D:1      | XOM: divination: detect items
   171 | D:1      | Reached XP level 2. HP: 29/29 MP: 1/1
   311 | D:1      | Reached skill level 4 in Unarmed Combat
   560 | D:1      | XOM: divination: magic mapping
   727 | D:2      | Reached XP level 3. HP: 34/36 MP: 2/2
   829 | D:2      | Gained mutation: Your muscles are strong. (Str +2) [potion of mutation]
   829 | D:2      | Gained mutation: You are resistant to hostile enchantments. (MR+) [potion of mutation]
   862 | D:2      | XOM: harmless Summ miscast
   889 | D:2      | Noticed Jessica
   895 | D:2      | Noticed Robin
   898 | D:2      | Killed Jessica
   898 | D:2      | Reached skill level 5 in Unarmed Combat
   898 | D:2      | Reached XP level 4. HP: 43/44 MP: 3/3
   906 | D:2      | Killed Robin
  1037 | D:2      | XOM: divination: magic mapping
  1078 | D:2      | XOM: harmless Tloc miscast
  1838 | D:3      | Reached XP level 5. HP: 46/50 MP: 4/4
  2181 | D:4      | Noticed an ogre
  2182 | D:4      | Reached skill level 6 in Unarmed Combat
  2182 | D:4      | XOM: potion effect (invisibility)
  2190 | D:4      | Killed an ogre
  2218 | D:4      | XOM is BORED!
  2218 | D:4      | XOM: harmless Conj miscast
  2358 | D:4      | Reached XP level 6. HP: 59/59 MP: 5/5
  2495 | D:4      | Reached skill level 7 in Unarmed Combat
  2521 | D:4      | Found Vaenizepp's Armour Shoppe.
  2642 | D:4      | Bought a +2 robe of fire resistance for 212 gold pieces
  2729 | D:4      | XOM: god gift: ring mail {god gift}
  2803 | D:4      | Reached skill level 8 in Unarmed Combat
  2803 | D:4      | Reached XP level 7. HP: 65/66 MP: 6/6
  2874 | D:4      | XOM: scenery: create altars
  2875 | D:5      | Entered Level 5 of the Dungeon
  2992 | D:5      | Found a shattered altar of Ashenzari.
  3013 | D:5      | Found a sparkling altar of Nemelex Xobeh.
  3146 | D:5      | Found a glowing drain.
  3152 | Sewer    | Entered a sewer
  3214 | Sewer    | XOM: enchant monster (good)
  3217 | Sewer    | Reached skill level 9 in Unarmed Combat
  3219 | Sewer    | XOM: god gift: embroidered hat {god gift}
  3385 | D:5      | XOM: 1-stop teleportation journey
  3549 | D:5      | Found a shadowy altar of Dithmenos.
  3551 | D:5      | XOM: enchant monster (good)
  3635 | D:5      | XOM: mild Conj miscast
  3681 | D:6      | XOM: scenery: create altars
  3717 | D:6      | Found a burning altar of Makhleb.
  3722 | D:6      | Found a shimmering altar of Xom.
  3722 | D:6      | Found a blossoming altar of Fedhas.
  3725 | D:6      | Reached XP level 8. HP: 74/74 MP: 7/7
  3822 | D:6      | Got a crude whip
  3930 | D:6      | Found a staircase to the Ecumenical Temple.
  3951 | D:6      | Reached skill level 10 in Unarmed Combat
  3951 | D:6      | XOM: cast spell 'Summon Butterflies'
  4085 | D:6      | XOM: scenery: create altars
  4213 | D:7      | Found a deep blue altar of Sif Muna.
  4306 | D:7      | XOM: scenery: create altars
  4347 | D:7      | XOM is BORED!
  4347 | D:7      | XOM: give mutations
  4347 | D:7      | Gained mutation: You are clumsy. (Dex -2) [Xom's mischief]
  4347 | D:7      | Gained mutation: Armour fits poorly on your strangely shaped body. [Xom's mischief]
  4347 | D:7      | Gained mutation: You are robust. (+10% HP) [Xom's mischief]
  4406 | D:7      | XOM: 2-stop teleportation journey
  4439 | D:7      | Found a glowing golden altar of the Shining One.
  4625 | D:7      | Found a basalt altar of Yredelemnul.
  4770 | D:7      | Found a sparkling altar of Nemelex Xobeh.
  4896 | D:8      | Reached skill level 1 in Shields
  4970 | D:8      | Found Xuits's Gadget Emporium.
  4976 | D:8      | XOM: butterfly on damage
  5097 | D:6      | Found a basalt altar of Yredelemnul.
  5180 | D:8      | Found Gupitugitu's Antique Weapon Shop.
  5307 | D:8      | Found Loun's Jewellery Shop.
  5356 | D:8      | Noticed Prince Ribbit
  5399 | D:8      | Found Rytun's Armour Shoppe.
  5591 | D:8      | Found a white marble altar of Elyvilon.
  5598 | D:8      | Found a hazy altar of Hepliaklqana.
  5611 | D:8      | Killed Prince Ribbit
  5611 | D:8      | Reached XP level 9. HP: 81/88 MP: 8/8
  5658 | D:8      | XOM: silly message
  5841 | D:9      | Noticed a two-headed ogre
  5849 | D:9      | Killed a two-headed ogre
  5850 | D:9      | Found a hide-covered altar of Uskayaw.
  6010 | D:9      | XOM: silly message
  6429 | D:9      | Found a glowing silver altar of Zin.
  6430 | D:9      | Found an opulent altar of Gozag.
  6554 | D:10     | Entered Level 10 of the Dungeon
  6628 | D:10     | Noticed a two-headed ogre
  6630 | D:10     | XOM: potion effect (berserk rage)
  6634 | D:10     | Killed a two-headed ogre
  6634 | D:10     | Reached XP level 10. HP: 96/96 MP: 9/9
  6685 | D:10     | Noticed a gargoyle
  6691 | D:10     | Killed a gargoyle
  6691 | D:10     | Reached skill level 11 in Unarmed Combat
  6748 | D:10     | XOM: harmless Ice miscast
  6908 | D:10     | XOM: smoke on damage
  6919 | D:10     | XOM: confuse monster(s)
  7001 | D:10     | XOM: confuse monster(s)
  7002 | D:10     | XOM: summons friendly iron imp
  7130 | D:10     | Reached skill level 12 in Unarmed Combat
  7153 | D:10     | Found a staircase to the Lair.
  7179 | D:10     | Noticed a centaur warrior
  7182 | D:10     | XOM: fog
  7184 | D:10     | Killed a centaur warrior
  7254 | D:10     | XOM: cloud trail
  7330 | D:10     | XOM: harmless Fire miscast
  7363 | D:8      | XOM: 4-stop teleportation journey
  7414 | D:8      | Bought a +4 ring of protection for 360 gold pieces
  7873 | D:10     | XOM: harmless Hex miscast
  7931 | Lair:1   | Entered Level 1 of the Lair of Beasts
  7946 | Lair:1   | XOM: give mutations
  7946 | Lair:1   | Lost mutation: You are clumsy. (Dex -2) [Xom's mischief]
  7946 | Lair:1   | Lost mutation: Your muscles are strong. (Str +2) [Xom's mischief]
  7946 | Lair:1   | Gained mutation: You tend to lose your temper in combat. [Xom's mischief]
  7946 | Lair:1   | Gained mutation: You evolve. [Xom's mischief]
  8137 | Lair:1   | Noticed a spiny frog
  8146 | Lair:1   | Killed a spiny frog
  8146 | Lair:1   | Reached skill level 13 in Unarmed Combat
  8313 | Lair:1   | XOM: summons 6 friendly demons
  8329 | Lair:1   | Reached XP level 11. HP: 97/103 MP: 8/10
  8359 | Lair:1   | XOM: harmless Conj miscast
  8371 | Lair:1   | XOM: give mutations
  8371 | Lair:1   | Lost mutation: You tend to lose your temper in combat. [Xom's grace]
  8371 | Lair:1   | Gained mutation: Your muscles are strong. (Str +2) [Xom's grace]
  8844 | Lair:2   | XOM: give mutations
  8844 | Lair:2   | Lost mutation: You evolve. [Xom's mischief]
  8844 | Lair:2   | Lost mutation: Your muscles are strong. (Str +2) [Xom's mischief]
  8844 | Lair:2   | Gained mutation: You are agile. (Dex +2) [Xom's mischief]
  8853 | Lair:2   | Reached skill level 14 in Unarmed Combat
  8877 | Lair:2   | XOM: mild Necr miscast
  8924 | Lair:2   | Found a staircase to the Shoals.
  9073 | Lair:2   | XOM: harmless Air miscast
  9087 | Lair:2   | XOM: smoke on damage
  9100 | Lair:2   | XOM: harmless Ice miscast
  9290 | Lair:2   | XOM: harmless Fire miscast
  9461 | Lair:2   | XOM: summons 6 friendly demons
  9474 | Lair:2   | Reached skill level 5 in Fighting
  9788 | Lair:3   | Noticed a five-headed hydra
  9788 | Lair:3   | XOM: fog
  9794 | Lair:3   | Killed a ten-headed hydra
 10149 | Lair:3   | XOM: cast spell 'Olgreb's Toxic Radiance'
 10150 | Lair:3   | XOM: noise
 10244 | Lair:3   | Reached skill level 10 in Shields
 10246 | Lair:3   | XOM: potion effect (invisibility)
 10257 | Lair:3   | XOM: mild Summ miscast
 10540 | Lair:3   | Reached XP level 12. HP: 109/122 MP: 8/11
 10972 | Lair:4   | XOM is BORED!
 11106 | Lair:4   | Found a staircase to the Snake Pit.
 11113 | Lair:4   | Reached skill level 15 in Unarmed Combat
 11133 | Lair:4   | Noticed a five-headed hydra
 11141 | Lair:4   | Killed an eight-headed hydra
 11616 | Lair:5   | XOM: summons 7 friendly demons
 11855 | Lair:5   | Noticed a five-headed hydra
 11862 | Lair:5   | Killed a ten-headed hydra
 11987 | Lair:5   | Found a staircase to the Slime Pits.
 12381 | Lair:5   | XOM: harmless Ice miscast
 12435 | Lair:6   | Entered Level 6 of the Lair of Beasts
 12440 | Lair:6   | Reached skill level 16 in Unarmed Combat
 12537 | Lair:6   | Noticed a death yak
 12539 | Lair:6   | Noticed a death yak
 12540 | Lair:6   | Noticed a death yak
 12540 | Lair:6   | Noticed a death yak
 12542 | Lair:6   | Noticed a death yak
 12546 | Lair:6   | Killed a death yak
 12556 | Lair:6   | XOM: confuse monster(s)
 12561 | Lair:6   | Killed a death yak
 12565 | Lair:6   | Killed a death yak
 12573 | Lair:6   | XOM: snakes to sticks
 12579 | Lair:6   | Killed a death yak
 12580 | Lair:6   | XOM: confusion (+ monsters)
 12623 | Lair:6   | Killed a death yak
 12625 | Lair:6   | XOM: cloud trail
 12689 | Lair:6   | XOM: confuse monster(s)
 12732 | Lair:6   | XOM: mild Air miscast
 12817 | Lair:6   | Reached skill level 17 in Unarmed Combat
 12831 | Lair:6   | XOM: cast spell 'Summon Small Mammal'
 12834 | Lair:6   | XOM: potion effect (invisibility)
 12854 | Lair:6   | Reached XP level 13. HP: 100/129 MP: 9/12
 12910 | Lair:6   | XOM: chaos cloud
 12914 | Lair:6   | Paralysed by you for 7 turns
 12921 | Lair:6   | XOM: butterfly on damage
 12922 | Lair:6   | XOM: severe Conj miscast
 13060 | Lair:6   | XOM: noise
 13066 | Lair:6   | XOM: enchant monster (bad)
 13069 | Lair:6   | XOM: harmless Conj miscast
 13077 | Lair:6   | XOM: blink monster(s)
 13162 | Lair:6   | XOM: summons 4 hostile shadow creatures
 13353 | Lair:6   | XOM: blink monster(s)
 13448 | Lair:6   | XOM: mild Hex miscast
 13456 | Lair:6   | Reached skill level 18 in Unarmed Combat
 13456 | Lair:6   | XOM: silly message
 13497 | Lair:6   | XOM: mild Ice miscast
 13817 | Lair:6   | XOM: confuse monster(s)
 13929 | Lair:6   | XOM: give mutations
 13929 | Lair:6   | Gained mutation: Your mind is acute. (Int +2) [Xom's grace]
 13929 | Lair:6   | Gained mutation: You are very agile. (Dex +4) [Xom's grace]
 13929 | Lair:6   | Gained mutation: You have a pair of small horns on your head. [Xom's grace]
 13994 | Lair:6   | XOM: mild Erth miscast
 13996 | Lair:6   | XOM: swap monsters
 13999 | Lair:6   | XOM: chaos cloud
 14032 | Lair:6   | XOM: summons 2 hostile shadow creatures
 14157 | D:10     | XOM: stat loss: -1 Str (26/27)
 14353 | D:11     | XOM: silly message
 14531 | D:11     | XOM: cast spell 'Olgreb's Toxic Radiance'
 14595 | D:11     | XOM: harmless Ice miscast
 14734 | D:12     | Found a sacrificial altar of Ru.
 15102 | D:12     | XOM: mild Summ miscast
 15242 | D:12     | XOM: cloud trail
 15243 | D:12     | XOM: god gift: ration
 15429 | D:12     | XOM: blink monster(s)
 15446 | D:12     | XOM: confusion (+ monsters)
 15586 | D:12     | Found a staircase to the Orcish Mines.
 15689 | D:12     | XOM: divination: detect creatures
 15939 | D:12     | XOM: cast spell 'Shadow Creatures'
 15941 | D:12     | XOM: enchant monster (bad)
 15944 | D:12     | Reached XP level 14. HP: 96/139 MP: 13/13
 16025 | D:12     | Reached skill level 19 in Unarmed Combat
 16093 | D:13     | XOM: cast spell 'Ring of Flames'
 16155 | D:13     | XOM: confusion (+ monsters)
 16175 | D:13     | XOM: potion effect (haste)
 16319 | D:13     | XOM: harmless Fire miscast
 16499 | D:13     | XOM: mild Tmut miscast
 16509 | D:13     | Noticed Azrael
 16513 | D:13     | XOM: butterfly on damage
 16521 | D:13     | Killed from afar by Azrael

Vault maps used:
D:1:      minmay_arrival_split_and_join, st_stairs_4, minmay_ruptured
D:2:      hangedman_glass_teeth, uniq_robin, uniq_jessica
D:3:      first_ration
D:4:      serial_shops, kennysheep_mini_moat
D:5:      grunt_dithmenos_shadows, nicolae_overflow_crystal_walls,
          evilmike_ruin_ashenzari, gup_sewer_entry_bubbles,
          hangedman_glass_garden
D:6:      lemuel_upstairs_altar, grunt_temple_overflow_open, temple_green
D:7:      lemuel_crystal_altar, led_sif_book, old_standard_altar,
          nemelex_spade_bored_becter
D:8:      amethyst_overflow_temple_binary, serial_shops, shop_fountains,
          nicolae_shop_stone, nicolae_shop_stone, shop_statue,
          uniq_prince_ribbit1
D:9:      grunt_temple_overflow_gold_and_silver, marbit_many_paths
D:10:     minmay_diamond_stairs, erik_lair_orcish_takeover, serial_park
D:12:     erik_orc_1, basic_altar, hangedman_ranch
D:13:     erik_vaults_2, uniq_snorg, uniq_kirke, uniq_azrael
Lair:1:   serial_bayou_shore_a
Lair:2:   shoals_dummy_entry
Lair:4:   dummy_snake_entry, infiniplex_staircase_pool_2
Lair:5:   minmay_slime_entry_pillars
Lair:6:   gammafunk_lair_ancient_temple, minmay_lair_oklob_chamber
Sewer:    sewer_the_crocodile

Skill      XL: |  1  2  3  4  5  6  7  8  9 10 11 12 13 14 |
---------------+-------------------------------------------+-----
Unarmed Combat | 4 5 6 8 9 10 13 14 17 18 19 | 19.3
Shields        | 4 8 10 11 | 11.0
Fighting       | 5 |  5.0
Dodging        | |  1.9

Action                   |  1- 3 |  4- 6 |  7- 9 | 10-12 | 13-15 || total
-------------------------+-------+-------+-------+-------+-------++-------
Melee: Unarmed           |    82 |   146 |   281 |   478 |   434 ||  1421
       Punch             |     1 |     3 |       |       |       ||     4
       Headbutt          |       |       |       |       |    74 ||    74
Throw: Throwing net      |       |       |     1 |       |       ||     1
Evoke: Wand              |       |       |       |     2 |     4 ||     6
  Use: Scroll            |     5 |     4 |    10 |    12 |     8 ||    39
       Potion            |     1 |     5 |     4 |     3 |     5 ||    18
 Stab: Sleeping          |     4 |     8 |     1 |     1 |       ||    14
       Invisible         |       |       |       |     5 |     1 ||     6
       Paralysed         |       |       |       |     3 |     4 ||     7
       Confused          |       |       |       |     1 |     2 ||     3
       Petrified         |       |       |       |       |     1 ||     1
  Eat: Chunk             |    14 |    17 |    30 |    62 |    34 ||   157
Armor: Robe              |    35 |    57 |    89 |    72 |    64 ||   317
       Skin              |       |    22 |    28 |       |       ||    50
       Acid dragon scale |       |       |       |       |    13 ||    13
Dodge: Dodged            |    32 |    55 |    64 |    87 |    56 ||   294
Block: Shield            |       |    32 |    55 |       |       ||    87
       Large shield      |       |       |    98 |   362 |   339 ||   799

Table legend:
 A = Spawn XP
 B = Non-spawn XP
 C = Spawn XP percentage of total XP
 D = Spawn monster count
 E = Non-spawn monster count
 F = Spawn count percentage of total count
 G = Total turns spent on level
                    A         B        C        D         E        F      G
               +---------+---------+-------+---------+---------+-------+---------
         Total |       0 |   71663 |   0.0 |       0 |     471 |   0.0 | 16521
               +---------+---------+-------+---------+---------+-------+---------
           D:1 |       0 |      40 |   0.0 |       0 |      27 |   0.0 |   720
           D:2 |       0 |     131 |   0.0 |       0 |      31 |   0.0 |   791
           D:3 |       0 |      44 |   0.0 |       0 |      15 |   0.0 |   665
           D:4 |       0 |     530 |   0.0 |       0 |      25 |   0.0 |   699
           D:5 |       0 |     398 |   0.0 |       0 |      24 |   0.0 |   627
           D:6 |       0 |     428 |   0.0 |       0 |      16 |   0.0 |   550
           D:7 |       0 |     312 |   0.0 |       0 |       9 |   0.0 |   739
           D:8 |       0 |    1035 |   0.0 |       0 |      13 |   0.0 |   959
           D:9 |       0 |    1706 |   0.0 |       0 |      21 |   0.0 |   783
          D:10 |       0 |    4179 |   0.0 |       0 |      30 |   0.0 |  1304
          D:11 |       0 |    3563 |   0.0 |       0 |      21 |   0.0 |   573
          D:12 |       0 |   12906 |   0.0 |       0 |      74 |   0.0 |  1350
          D:13 |       0 |    5489 |   0.0 |       0 |      21 |   0.0 |   437
        Lair:1 |       0 |    2989 |   0.0 |       0 |      17 |   0.0 |   804
        Lair:2 |       0 |    4809 |   0.0 |       0 |      23 |   0.0 |  1068
        Lair:3 |       0 |    5141 |   0.0 |       0 |      20 |   0.0 |   834
        Lair:4 |       0 |    4420 |   0.0 |       0 |      14 |   0.0 |  1018
        Lair:5 |       0 |    3757 |   0.0 |       0 |      16 |   0.0 |   930
        Lair:6 |       0 |   19673 |   0.0 |       0 |      48 |   0.0 |  1536
         Sewer |       0 |     113 |   0.0 |       0 |       6 |   0.0 |   134
               +---------+---------+-------+---------+---------+-------+---------
